 Dungeon Crawl Stone Soup version 0.17-a0-1949-g1acca9a (webtiles) character file.

499 Ordine the Cruncher (level 6, -5/50 HPs)
             Began as a Minotaur Gladiator on Oct 2, 2015.
             Slain by Kusio's ghost (8 damage)
             ... on level 6 of the Dungeon.
             The game lasted 00:08:17 (2650 turns).

Ordine the Cruncher (Minotaur Gladiator)            Turns: 2650, Time: 00:08:17

Health: -5/50      AC:  4    Str: 19      XL:     6   Next: 94%
Magic:  5/5        EV: 13    Int:  4 (5)  God:
Gold:   248        SH:  0    Dex: 13      Spells: 0 memorised, 5 levels left

rFire  . . .     SeeInvis .     a - +0 quarterstaff
rCold  . . .     Clarity  .     b - +0 leather armour
rNeg   . . .     SustAt   .     (no shield)
rPois  +         Gourm    .     c - +0 hat
rElec  .         Spirit   .     f - +0 cloak
rCorr  .         Warding  .     (no gloves)
rMut   .         Stasis   .     (no boots)
MR     .....                    (no amulet)
Stlth  ++........               l - ring of stealth
                                m - +3 ring of slaying

@: very slightly contaminated, hasted, very quick, not resistant to hostile
enchantments, unstealthy
A: retaliatory headbutt, horns 2, deterioration 1, poison resistance,
regeneration 1
a: no special abilities


You were on level 6 of the Dungeon.
You were hungry.

You visited 1 branch of the dungeon, and saw 5 of its levels.

You collected 248 gold pieces.

Inventory:

Hand weapons
 a - a +0 quarterstaff (weapon)
Missiles
 d - 3 throwing nets (quivered)
Armour
 b - a +0 leather armour (worn)
 c - a +0 hat (worn)
 f - a +0 cloak (worn)
Jewellery
 h - an uncursed ring of protection from fire
 l - a ring of stealth (right hand)
 m - a +3 ring of slaying (left hand)
 p - an uncursed ring of teleportation
Magical devices
 t - a wand of cold (5)
 x - a wand of disintegration (2)
 y - a wand of invisibility (6)
Scrolls
 v - a scroll of recharging
Potions
 o - a potion of haste
 r - a potion of berserk rage {unknown}
 u - a potion of poison {unknown}
 w - a potion of brilliance {unknown}
 z - a potion of agility {unknown}
Books
 j - a book of Party Tricks

   Spells                             Type                      Level
   a - Summon Butterflies             Summoning                    1
   b - Apportation                    Translocation                1
   c - Tukima's Dance                 Hexes                        3
   d - Alistair's Intoxication        Transmutation/Poison         4
   e - Invisibility                   Hexes                        6
Comestibles
 e - 4 bread rations
 g - 3 beef jerkies
 i - 3 meat rations
 k - 3 fruits
 n - a slice of pizza
 A - a royal jelly


   Skills:
 - Level 2.4 Fighting
 + Level 9.5 Staves
 - Level 2.0 Throwing
 - Level 3.2 Dodging


You had 5 spell levels left.
You didn't know any spells.

Dungeon Overview and Level Annotations

Branches:
Dungeon (6/15)
 Temple: D:4-7

Altars:
Cheibriados
Elyvilon
Fedhas
Makhleb
Trog
Yredelemnul
The Shining One

Annotations:
D:6 Kusio's ghost, experienced OgGl


Innate Abilities, Weirdness & Mutations

You reflexively headbutt those who attack you in melee.
You have a pair of horns on your head.
Your body sometimes deteriorates upon taking damage.
Your system is resistant to poisons.
Your natural rate of healing is unusually fast.


Message History

A worker ant zombie comes into view.
Evoke which item? (* to show all) (? for menu, Esc to quit)
Zapping:
x - a wand of disintegration {zapped: 2} (will waste charges)
Press: ? - help, Shift-Dir - straight line, f/p - Kusio's ghost
Aim: Kusio's ghost, wielding a weapon of pain (moderately damaged, chance to defeat MR: 36%) Kusio's ghost easily resists.
Evoking this partially-identified wand wasted a few charges.
Evoke which item? (* to show all) (? for menu, Esc to quit)
Zapping:
x - a wand of disintegration {zapped: 5} (will waste charges)
Press: ? - help, Shift-Dir - straight line, f/p - Kusio's ghost
Aim: Kusio's ghost, wielding a weapon of pain (moderately damaged, chance to defeat MR: 36%) Kusio's ghost easily resists.
Evoking this partially-identified wand wasted a few charges.
You barely miss Kusio's ghost. Your headbutt misses Kusio's ghost.
Kusio's ghost is moderately damaged.
Kusio's ghost barely misses you.
You hit Kusio's ghost but do no damage.
Kusio's ghost is moderately damaged.
Kusio's ghost hits you!
You die...

##.#.#.#
#.###..#
##.#.#.#
##.##.#
#.##.#
#.##.#
#.##.#
#.##.#
#@##[#
#W##.#
#l# #S#
#.# #Z.
##. . ..


You could see an iguana, Kusio's ghost, an adder and a worker ant zombie.

Vanquished Creatures
  2 centaurs (D:5)
  2 hounds
  An orc wizard (D:5)
  An orc priest (D:5)
  A jelly (D:6)
  An iguana (D:6)
  2 worker ants
  6 adders
  2 oozes
  An adder skeleton (D:5)
  2 worms
  2 orcs (D:5)
  9 bats
  3 giant cockroaches
  6 hobgoblins
  3 jackals (D:4)
  6 kobolds
  A quokka (D:5)
  A ball python (D:5)
  2 giant geckos
  3 giant newts
  4 goblins
  A jackal zombie (D:5)
  8 rats
  A spectral orc (D:5)
71 creatures vanquished.

Notes
Turn   | Place    | Note
--------------------------------------------------------------
     0 | D:1      | Ordine the Minotaur Gladiator began the quest for the Orb.
     0 | D:1      | Reached XP level 1. HP: 18/18 MP: 0/0
   113 | D:1      | Reached skill level 4 in Staves
   127 | D:1      | Reached XP level 2. HP: 18/25 MP: 1/1
   346 | D:1      | Reached skill level 5 in Staves
   351 | D:1      | Reached XP level 3. HP: 12/30 MP: 2/2
   559 | D:2      | Found a bloodstained altar of Trog.
   652 | D:2      | Found a snail-covered altar of Cheibriados.
   777 | D:2      | Reached skill level 6 in Staves
   777 | D:2      | Reached XP level 4. HP: 22/37 MP: 3/3
   926 | D:2      | Gained mutation: Your system is resistant to poisons. [potion of mutation]
   926 | D:2      | Gained mutation: Your body sometimes deteriorates upon taking damage. [potion of mutation]
   926 | D:2      | Gained mutation: Your natural rate of healing is unusually fast. [potion of mutation]
   987 | D:2      | You fall through a shaft for 2 floors!
  1181 | D:4      | Found a glowing golden altar of the Shining One.
  1185 | D:4      | Found a blossoming altar of Fedhas.
  1187 | D:4      | Found a burning altar of Makhleb.
  1278 | D:4      | Found a white marble altar of Elyvilon.
  1587 | D:4      | Reached skill level 7 in Staves
  1587 | D:4      | Reached XP level 5. HP: 38/42 MP: 4/4
  1717 | D:5      | Entered Level 5 of the Dungeon
  1819 | D:5      | Reached skill level 8 in Staves
  2082 | D:5      | Noticed a centaur
  2083 | D:5      | Noticed a centaur
  2089 | D:5      | HP: 1/42 [centaur (6)]
  2091 | D:5      | Killed a centaur
  2091 | D:5      | Reached XP level 6. HP: 25/50 MP: 5/5
  2093 | D:5      | Killed a centaur
  2093 | D:5      | Reached skill level 9 in Staves
  2370 | D:5      | Found a basalt altar of Yredelemnul.
  2631 | D:6      | Noticed Kusio's ghost (experienced OgGl)
  2645 | D:6      | HP: 2/50 [Kusio's ghost (18)]
  2650 | D:6      | Slain by Kusio's ghost

Vault maps used:
D:1:      minmay_arrival_widening_spiral_narrow
D:2:      lemuel_round_altar, nicolae_overflow_crystal_walls, glass_columns_a
D:4:      elyvilon_altar_4, grunt_temple_overflow_open, first_bread,
          serial_park_tiny_pond
D:5:      yredelemnul_forgotten_temple_becter, minmay_misc_feat_x
D:6:      lemuel_doored_altar, uniq_eustachio, uniq_menkaure

Action                   |  1- 3 |  4- 6 || total
-------------------------+-------+-------++-------
Melee: Quarterstaff      |    75 |    91 ||   166
Evoke: Wand              |       |     3 ||     3
  Use: Scroll            |     4 |     9 ||    13
       Potion            |       |     5 ||     5
 Stab: Sleeping          |       |     3 ||     3
       Distracted        |       |     2 ||     2
  Eat: Chunk             |       |     5 ||     5
